 Dungeon Sprint DCSS version 0.15-a0-2327-gc7140f0 (webtiles) character file.

280293 runewalsh the Englaciator (level 18, -16/117 (123) HPs)
             Began as an Octopode Wizard on July 29, 2014.
             Was the Champion of Vehumet.
             Demolished by a reaper
             ... wielding a +1 scythe of venom
             ... summoned by an indirect mummy death curse
              (49 damage)
             ... in the Dungeon (Sprint III: "The Ten Rune Challenge").
             The game lasted 01:33:11 (14256 turns).

runewalsh the Englaciator (Octopode Wizard)        Turns: 14256, Time: 01:33:11

HP -16/117 (123) AC  4     Str  8      XL: 18   Next: 78%
MP  29/52        EV 17     Int 32 (34) God: Vehumet [******]
Gold 111         SH  0     Dex 11      Spells: 11 memorised, 24 levels left

rFire  + . .     SeeInvis +     e - staff of energy
rCold  + . .     Clarity  +     (no shield)
rNeg   + . .     rCorr    .     W - +3 hat of Pondering {ponderous, MR+ MP+10 Int+5}
rPois  +         rRot     .     g - amulet of Qaof {Ward rElec rPois rN+}
rElec  +         Spirit   .     M - ring of protection from fire
SustAb +         Warding  +     m - ring of sustain abilities
rMut   .         NoTele   +     p - +3 ring of evasion
Gourm  .                        t - +3 ring of intelligence
MR     ++...                    r - ring of ice
                                z - ring of see invisible
                                v - ring of flight
                                d - ring of protection from fire

@: rotting, slowed, repel missiles, very slow, very resistant to hostile
enchantments, incredibly stealthy
A: almost no armour, amphibious, 8 rings, constrict 8, camouflage 1, clarity,
frail 1, gelatinous body 1
a: Renounce Religion, Evoke Flight
}: 5/10 runes: serpentine, barnacled, slimy, silver, demonic


You were in the Dungeon.
You worshipped Vehumet.
Vehumet was exalted by your worship.
You were not hungry.

You visited 1 branch You collected 3247 gold pieces.
You spent 3136 gold pieces at shops.

Inventory:

Hand weapons
 w - a +7 quick blade
Armour
 W - the +3 hat of Pondering (worn) {ponderous, MR+ MP+10 Int+5}
   (You found it in the Dungeon)

   It affects your intelligence (+5).
   It affects your resistance to hostile enchantments.
   It affects your magic capacity (+10).
Magical devices
 l - a wand of heal wounds (0)
 O - a wand of disintegration (15)
Comestibles
 o - 5 meat rations
 u - 14 royal jellies
Scrolls
 f - 4 scrolls of enchant armour
 j - a scroll of silence
 k - a scroll of holy word
 B - 3 scrolls of amnesia
 J - a scroll of magic mapping {unknown}
 L - a scroll of remove curse
 P - a scroll of acquirement
 U - a scroll of summoning {unknown}
Jewellery
 d - a ring of protection from fire (on tentacle)
 g - the amulet of Qaof (around mantle) {Ward rElec rPois rN+}
   (You took it off a deep elf death mage in the Dungeon)

   [amulet of warding]

   It may prevent the melee attacks of summoned creatures.
   It insulates you from electricity.
   It protects you from poison.
   It protects you from negative energy.
 m - a ring of sustain abilities (right tentacle)
 p - a +3 ring of evasion (on tentacle)
 r - a ring of ice (on tentacle)
 t - a +3 ring of intelligence (on tentacle)
 v - a ring of flight (on tentacle)
 z - a ring of see invisible (on tentacle)
 M - a ring of protection from fire (left tentacle)
 S - an uncursed ring of wizardry
Potions
 a - a potion of porridge
 b - 3 potions of curing
 c - 2 potions of resistance
 h - 3 potions of magic
 n - a potion of cure mutation
 K - a potion of might
 N - 2 potions of haste
 R - 3 potions of flight
Books
 i - Roxanne's Disquisition on the Mountains and Transmigration
   (You took it off Roxanne in the Dungeon)

   Spells                             Type                      Level
   Sandblast                          Earth                        1
   Passwall                           Transmutation/Earth          3
   Petrify                            Transmutation/Earth          4
   Lee's Rapid Deconstruction         Earth                        5
   Statue Form                        Transmutation/Earth          6
 y - the Catalogue of the Entourage and Clay
   (You found it in the Dungeon)

   Spells                             Type                      Level
   Sandblast                          Earth                        1
   Recall                             Summoning/Translocation      3
   Abjuration                         Summoning                    3
   Summon Demon                       Summoning                    5
   Statue Form                        Transmutation/Earth          6
 D - a book of Battle

   Spells                             Type                      Level
   Infusion                           Charms                       1
   Shroud of Golubria                 Charms/Translocation         2
   Song of Slaying                    Charms                       2
   Spectral Weapon                    Hexes/Charms                 3
   Regeneration                       Charms/Necromancy            3
 H - a book of Annihilations

   Spells                             Type                      Level
   Poison Arrow                       Conjuration/Poison           6
   Chain Lightning                    Conjuration/Air              8
   Lehudib's Crystal Spear            Conjuration/Earth            8
   *Glaciate                          Conjuration/Ice              9
   Fire Storm                         Conjuration/Fire             9
Magical staves
 e - an uncursed staff of energy (weapon)
 q - an uncursed staff of conjuration
Miscellaneous
 s - a sack of spiders
 x - a fan of gales
 A - a legendary deck of destruction {drawn: 2}
 C - a box of beasts
 E - the horn of Geryon
 F - a fan of gales
 G - a fan of gales
 I - a lamp of fire
 Q - a crystal ball of energy


   Skills:
 + Level 16.9 Fighting
 - Level 7.0 Short Blades
 + Level 5.4 Dodging
 - Level 20.0 Stealth
 + Level 26.2 Spellcasting
 O Level 27 Conjurations
 - Level 12.4 Charms
 - Level 1.0 Summonings
 + Level 6.5 Translocations
 O Level 27 Ice Magic
 - Level 5.0 Air Magic
 + Level 20.6 Evocations


You had 24 spell levels left.
You knew the following spells:

 Your Spells              Type           Power        Failure   Level  Hunger
a - Orb of Destruction    Conj           ########..   1%          7    None
b - Call Imp              Summ           #####...     1%          2    None
c - Blink                 Tloc           N/A          1%          2    None
d - Mephitic Cloud        Conj/Pois/Air  #######.     1%          3    None
f - Freezing Cloud        Conj/Ice/Air   ########..   1%          6    None
h - Bolt of Cold          Conj/Ice       ########..   0%          6    None
i - Magic Dart            Conj           ####         0%          1    None
m - Repel Missiles        Chrm/Air       ######       1%          2    None
p - Freeze                Ice            ####         0%          1    None
w - Haste                 Chrm           #######.     1%          6    None
x - Glaciate              Conj/Ice       ########..   1%          9    None


Dungeon Overview and Level Annotations

Branches:
Dungeon (1/1)

Altars:
Cheibriados
Dithmenos
Elyvilon
Fedhas
Gozag
Kikubaaqudgha
Makhleb
Nemelex Xobeh
Okawaru
Qazlal
Sif Muna
Trog
Vehumet
Xom
Yredelemnul
Zin
The Shining One
Jiyva
Lugonu

Shops:
D :%([:!*[[[![(}[!=%(?}?*:

Annotations:
D exclusion: 2 doors


Innate Abilities, Weirdness & Mutations

You cannot wear most types of armour.
You are amphibious.
You can wear up to eight rings at the same time.
You can use your tentacles to constrict many enemies at once.
Your skin changes colour to match your surroundings (Stealth).
Your rubbery body absorbs attacks (AC +1).
You possess an exceptional clarity of mind.
You are frail (-10% HP).


Message History

You feel very uncomfortable.
Your Dodging skill gained 2 levels and is now at level 5!
Your Translocations skill increases to level 6!
The soul eater hits you.
The reaper is engulfed in freezing vapours.
The reaper hits you from afar with a runed scythe.
* * * LOW HITPOINT WARNING * * *
The greater mummy is engulfed in freezing vapours.
The greater mummy hits you!!
* * * LOW HITPOINT WARNING * * *
Read which item? (? for menu, Esc to quit)
Okay, then.
Evoke which item? (* to show all) (? for menu, Esc to quit)
Zapping:
l - a wand of heal wounds (1)
Press: ? - help, Shift-Dir - straight line, f - you You feel much better.
This wand has 0 charges left.
The soul eater hits you but does no damage.
The greater mummy casts a spell.
The reaper hits you from afar with a runed scythe!!!
You die...

##....≈#.▓'▓▓▓▓▓▓▓▓▓▓▓▓▓▓▓▓▓
....).)).▓..#^............^#
####..≈#.▓..#^....^...^....#
^(.##.≈#.▓..#..##########..#
8#..##'##▓..#..#§§§88§)?#..#
.##.##...▓..#.^#§§§.8§§}#..#
. #.####.▓^.#..#§§.88§§.#.^#
. #......▓..#).#3M84§8§§#.^#
#####[###▓..#..#@########.^#
.'≈⌠...≈)▓..#..#.§§........#
.#≈≈.≈.%.▓..'.^#28.§..^..^.#
.#.≈.≈.≈.▓##################
.#...≈...▓ #####'###▓
.#.#.#.#.▓ #.#.#.#.#▓
.#.#.#.#.▓


You could see a greater mummy, a reaper, a soul eater and a hellwing.

Vanquished Creatures
  the royal jelly (D)
  A greater mummy (D)
  Boris (D)
  the iron giant (D)
  Mara (D)
  Mennas (D)
  Geryon (D)
  2 bone dragons (D)
  Frederick (D)
  Nikola (D)
  Nellie (D)
  A Hell Sentinel (D)
  A lich (D)
  An Ice Fiend (D)
  A deep elf blademaster (D)
  Frances (D)
  9 acid blobs (D)
  An Executioner (D)
  2 sphinxes (D)
  A kraken (D)
  A storm dragon (D)
  Chuck (D)
  Rupert (D)
  An ancient champion (D)
  12 azure jellies (D)
  4 shadow dragons (D)
  Roxanne (D)
  A greater naga (D)
  Maud (D)
  A fire giant (D)
  An iron dragon (D)
  A frost giant (D)
  3 draconian knights (D)
  Gastronok (D)
  A draconian shifter (D)
  4 war gargoyles (D)
  2 deep elf demonologists (D)
  Wiglaf (D)
  A reaper (D)
  6 stone giants (D)
  A curse skull (D)
  4 vampire knights (D)
  Azrael (D)
  2 deep elf annihilators (D)
  2 dire elephants (D)
  2 deep elf death magi (D)
  Snorg (D)
  10 mummy priests (D)
  17 vault guards (D)
  2 jiangshi (D)
  4 death oozes (D)
  5 yaktaur captains (D)
  A fire dragon (D)
  2 hydras (D)
  4 anacondas (D)
  A naga warrior (D)
  Nessos (D)
  An alligator snapping turtle (D)
  3 centaur warriors (D)
  An ogre mage (D)
  2 iron elementals (D)
  4 dancing weapons (D)
  A titan zombie (D)
  4 death yaks (D)
  4 soul eaters (D)
  An iron golem (D)
  2 sun demons (D)
  A fire crab (shapeshifter) (D)
  A shadow wraith (D)
  5 very ugly things (D)
  6 skeletal warriors (D)
  2 deep elf knights (D)
  2 anaconda zombies (D)
  2 ice devils (D)
  A ball lightning (D)
  A deep troll (shapeshifter) (D)
  2 hell beasts (D)
  An unseen horror (D)
  A death drake (D)
  A spectral iron dragon (D)
  A spriggan druid (D)
  An orc knight (D)
  A silver statue (D)
  A flayed ghost (D)
  A deep elf summoner (D)
  A lindwurm (shapeshifter) (D)
  2 deep elf conjurers (D)
  4 crystal guardians (D)
  A lindwurm (D)
  2 shining eyes (D)
  A red wasp (D)
  2 oklob plants (D)
  2 elephants (D)
  A mermaid (shapeshifter) (D)
  A phantasmal warrior (D)
  A stone giant skeleton (D)
  A molten gargoyle (D)
  8 statues (D)
  A torpor snail (shapeshifter) (D)
  A smoke demon (D)
  An orange crystal statue (D)
  8 black mambas (D)
  2 orange demons (D)
  A guardian serpent (D)
  3 iron devils (D)
  2 spiny frogs (D)
  A fire drake (D)
  10 yaktaurs (D)
  A komodo dragon (D)
  2 deep elf priests (D)
  2 merfolk (D)
  3 wandering mushrooms (D)
  16 guardian mummies (D)
  4 spriggan defenders (D)
  A queen bee (D)
  An anaconda simulacrum (D)
  An orc high priest (D)
  8 slime creatures (D)
  5 snapping turtles (D)
  3 shadows (D)
  8 blink frogs (D)
  A vampire (D)
  3 redbacks (D)
  2 spriggans (D)
  A hungry ghost (D)
  2 iron troll simulacra (D)
  A hydra simulacrum (D)
  5 water moccasins (D)
  2 nagas (D)
  A spatial vortex (D)
  An orc warrior (D)
  A deep dwarf (shapeshifter) (D)
  A necrophage (D)
  A swamp drake (D)
  2 yellow wasps (D)
  2 centaurs (D)
  A black mamba simulacrum (D)
  An earth elemental (D)
  2 brain worms (D)
  A water elemental (D)
  22 killer bees (D)
  2 quasits (D)
  3 orc priests (D)
  An electric eel (D)
  A jelly (D)
  A wizard (D)
  An orc wizard (D)
  4 necromancers (D)
  A polar bear simulacrum (D)
  A wolf (D)
  A wolf simulacrum (D)
  3 humans (D)
  Jessica (D)
  A kobold demonologist (D)
  A mummy (D)
  6 adders (D)
  4 giant eyeballs (D)
  11 orcs (D)
  A bat zombie (D)
  A gnoll zombie (D)
  A ball python zombie (D)
  A giant newt zombie (D)
  A giant spore (D)
  A hobgoblin skeleton (D)
  A kobold simulacrum (D)
  3 orc zombies (D)
  2 rats (D)
  A rat zombie (D)
  2 ballistomycetes (D)
  2 butterflies (D)
  2 crawling corpses (D)
  A fungus (D)
  11 plants (D)
  2 tentacles (D)
  A tentacle segment (D)
431 creatures vanquished.

Vanquished Creatures (collateral kills)
  An orc sorcerer (D)
  7 killer bees (D)
  An orc zombie (D)
9 creatures vanquished.

Vanquished Creatures (others)
  A Hell Sentinel (D)
  2 draconian scorchers (D)
  3 ball lightnings (D)
  2 yaktaurs (D)
  2 guardian mummies (D)
  2 orc high priests (D)
  A lost soul (D)
  3 killer bees (D)
  An electric eel (D)
  An orc priest (D)
  3 giant spores (D)
  An orc zombie (D)
  2 ballistomycetes (D)
  98 blocks of ice (D)
  A bush (D)
  5 plants (D)
  2 tentacles (D)
  33 tentacle segments (D)
163 creatures vanquished.

Grand Total: 603 creatures vanquished

Notes
Turn   | Place    | Note
--------------------------------------------------------------
     0 | D        | runewalsh, the Octopode Wizard, began the quest for the Orb.
     0 | D        | Reached XP level 1. HP: 11/11 MP: 4/4
     7 | D        | Reached skill level 4 in Stealth
    15 | D        | Noticed Jessica
    24 | D        | Killed Jessica
    24 | D        | Reached skill level 7 in Stealth
    24 | D        | Reached XP level 2. HP: 17/17 MP: 1/6
    40 | D        | Learned a level 2 spell: Call Imp
    43 | D        | Learned a level 2 spell: Blink
    80 | D        | Reached skill level 1 in Short Blades
    80 | D        | Reached skill level 9 in Stealth
    80 | D        | Reached XP level 3. HP: 21/21 MP: 7/7
   147 | D        | Learned a level 3 spell: Mephitic Cloud
   148 | D        | Noticed a wolf
   166 | D        | Killed a wolf
   166 | D        | Reached XP level 4. HP: 27/27 MP: 6/9
   192 | D        | Noticed a water elemental
   241 | D        | Killed a white draconian scorcher
   277 | D        | Found an iron altar of Okawaru.
   277 | D        | Found a bloodstained altar of Trog.
   277 | D        | Noticed a human
   277 | D        | Noticed a human
   287 | D        | Killed a white draconian scorcher
   290 | D        | Killed a human
   290 | D        | Reached skill level 12 in Stealth
   290 | D        | Reached XP level 5. HP: 31/31 MP: 4/11
   305 | D        | Killed a human
   305 | D        | Reached skill level 5 in Short Blades
   305 | D        | Reached skill level 13 in Stealth
   305 | D        | Reached skill level 5 in Conjurations
   305 | D        | Reached XP level 6. HP: 29/36 MP: 5/12
   356 | D        | Found a radiant altar of Vehumet.
   357 | D        | Found a deep blue altar of Sif Muna.
   357 | D        | Found an ancient bone altar of Kikubaaqudgha.
   357 | D        | Noticed a wizard
   358 | D        | Killed a wizard
   381 | D        | Became a worshipper of Vehumet
   390 | D        | Found a glowing silver altar of Zin.
   391 | D        | Found a glowing golden altar of the Shining One.
   391 | D        | Found a white marble altar of Elyvilon.
   391 | D        | Noticed a deep elf priest
   393 | D        | Killed a deep elf priest
   393 | D        | Reached skill level 15 in Stealth
   393 | D        | Reached XP level 7. HP: 37/41 MP: 14/14
   403 | D        | Found a snail-covered altar of Cheibriados.
   403 | D        | Noticed a necrophage
   404 | D        | Found a basalt altar of Yredelemnul.
   404 | D        | Found a blossoming altar of Fedhas.
   404 | D        | Noticed a necromancer
   405 | D        | Killed a necrophage
   405 | D        | Reached skill level 5 in Air Magic
   406 | D        | Killed a necromancer
   406 | D        | Acquired Vehumet's first power
   406 | D        | Offered knowledge of Flame Tongue by Vehumet.
   415 | D        | Noticed a jelly
   416 | D        | Noticed a shadow
   418 | D        | Killed a shadow
   418 | D        | Reached XP level 8. HP: 46/46 MP: 15/18
   422 | D        | Killed a jelly
   422 | D        | Reached skill level 16 in Stealth
   427 | D        | Found a stormy altar of Qazlal.
   428 | D        | Found a burning altar of Makhleb.
   428 | D        | Found a viscous altar of Jiyva.
   428 | D        | Found a shimmering altar of Xom.
   428 | D        | Found a shadowy altar of Dithmenos.
   428 | D        | Found a sparkling altar of Nemelex Xobeh.
   428 | D        | Found a corrupted altar of Lugonu.
   428 | D        | Found an opulent altar of Gozag.
   428 | D        | Noticed a spatial vortex
   431 | D        | Killed a spatial vortex
   447 | D        | Noticed Snorg
   453 | D        | Killed Snorg
   453 | D        | Reached skill level 17 in Stealth
   453 | D        | Reached skill level 5 in Spellcasting
   453 | D        | Reached skill level 10 in Conjurations
   453 | D        | Reached XP level 9. HP: 36/51 MP: 15/22
   493 | D        | Noticed an earth elemental
   496 | D        | Killed an earth elemental
   520 | D        | Learned a level 2 spell: Repel Missiles
   541 | D        | Noticed a centaur
   541 | D        | Noticed a centaur warrior
   541 | D        | Noticed a centaur
   557 | D        | Killed a centaur
   557 | D        | Reached skill level 18 in Stealth
   565 | D        | Killed a centaur warrior
   575 | D        | Killed a centaur
   575 | D        | Reached skill level 19 in Stealth
   711 | D        | Learned a level 3 spell: Conjure Flame
   779 | D        | Noticed an orc knight
   785 | D        | Noticed an orc wizard
   793 | D        | Noticed an orc warrior
   796 | D        | Acquired Vehumet's second power
   796 | D        | Offered knowledge of Freeze by Vehumet.
   801 | D        | Killed an orc wizard
   836 | D        | Killed an orc knight
   836 | D        | Acquired Vehumet's third power
   842 | D        | Learned a level 1 spell: Freeze
   842 | D        | Noticed an orc priest
   847 | D        | Killed an orc warrior
   847 | D        | Offered knowledge of Throw Flame by Vehumet.
   847 | D        | Reached skill level 1 in Ice Magic
   850 | D        | Killed an orc priest
   859 | D        | Noticed an orc priest
   876 | D        | Noticed an orc priest
   880 | D        | Killed an orc priest
   881 | D        | Noticed an orc sorcerer
   922 | D        | Killed an orc sorcerer
   922 | D        | Reached XP level 10. HP: 17/56 MP: 7/25
  1045 | D        | Killed an orc priest
  1048 | D        | Offered knowledge of Static Discharge by Vehumet.
  1083 | D        | Found Tuzaluigh's General Store.
  1141 | D        | Learned a level 3 spell: Static Discharge
  1150 | D        | Killed a yaktaur
  1237 | D        | Killed an unseen horror
  1237 | D        | Offered knowledge of Dazzling Spray by Vehumet.
  1404 | D        | Noticed a queen bee
  1404 | D        | Noticed a killer bee
  1404 | D        | Noticed a killer bee
  1404 | D        | Noticed a killer bee
  1404 | D        | Noticed a killer bee
  1404 | D        | Noticed a killer bee
  1404 | D        | Noticed a killer bee
  1404 | D        | Noticed a killer bee
  1404 | D        | Noticed a killer bee
  1404 | D        | Noticed a killer bee
  1404 | D        | Noticed a killer bee
  1404 | D        | Noticed a killer bee
  1404 | D        | Noticed a killer bee
  1406 | D        | Noticed a killer bee
  1407 | D        | Noticed a killer bee
  1407 | D        | Noticed a killer bee
  1410 | D        | Noticed a killer bee
  1410 | D        | Noticed a killer bee
  1410 | D        | Noticed a killer bee
  1411 | D        | Noticed a killer bee
  1411 | D        | Noticed a killer bee
  1412 | D        | Noticed a killer bee
  1412 | D        | Killed a killer bee
  1412 | D        | Killed a queen bee
  1412 | D        | Offered knowledge of Airstrike by Vehumet.
  1412 | D        | Killed a killer bee
  1413 | D        | Noticed a killer bee
  1413 | D        | Noticed a killer bee
  1416 | D        | Killed a killer bee
  1416 | D        | Killed a killer bee
  1468 | D        | Killed a killer bee
  1481 | D        | Killed a killer bee
  1482 | D        | Noticed a killer bee
  1482 | D        | Noticed a killer bee
  1482 | D        | Noticed a killer bee
  1482 | D        | Noticed a killer bee
  1482 | D        | Noticed a killer bee
  1483 | D        | Noticed a killer bee
  1483 | D        | Killed a killer bee
  1484 | D        | Noticed a killer bee
  1488 | D        | Killed a killer bee
  1489 | D        | Killed a killer bee
  1490 | D        | Killed a killer bee
  1491 | D        | Killed a killer bee
  1493 | D        | Noticed a killer bee
  1494 | D        | Killed a killer bee
  1496 | D        | Killed a killer bee
  1497 | D        | Killed a killer bee
  1498 | D        | Killed a killer bee
  1498 | D        | Killed a killer bee
  1499 | D        | Killed a killer bee
  1502 | D        | Killed a killer bee
  1502 | D        | Killed a killer bee
  1503 | D        | Killed a killer bee
  1508 | D        | Killed a killer bee
  1510 | D        | Killed a killer bee
  1511 | D        | Killed a killer bee
  1513 | D        | Killed a killer bee
  1514 | D        | Noticed a killer bee
  1514 | D        | Killed a killer bee
  1514 | D        | Reached skill level 20 in Stealth
  1514 | D        | Killed a killer bee
  1515 | D        | Killed a killer bee
  1517 | D        | Killed a killer bee
  1522 | D        | Killed a killer bee
  1523 | D        | Killed a killer bee
  1532 | D        | Killed a killer bee
  1539 | D        | Killed a killer bee
  1614 | D        | Learned a level 4 spell: Airstrike
  1653 | D        | Noticed a deep elf knight
  1653 | D        | Noticed a deep elf summoner
  1653 | D        | Noticed a deep elf conjurer
  1653 | D        | Noticed a deep elf conjurer
  1653 | D        | Noticed a deep elf priest
  1665 | D        | Killed a deep elf conjurer
  1667 | D        | Killed a deep elf conjurer
  1674 | D        | Killed a deep elf knight
  1674 | D        | Offered knowledge of Bolt of Cold by Vehumet.
  1676 | D        | Killed a deep elf priest
  1676 | D        | Reached skill level 10 in Ice Magic
  1676 | D        | Reached XP level 11. HP: 50/61 MP: 22/27
  1717 | D        | Killed a deep elf summoner
  1726 | D        | Learned a level 6 spell: Bolt of Cold
  1728 | D        | Noticed a deep elf annihilator
  1772 | D        | Noticed a wandering mushroom
  1776 | D        | Noticed a wandering mushroom
  1778 | D        | Noticed a wandering mushroom
  1780 | D        | Killed a wandering mushroom
  1783 | D        | Killed a wandering mushroom
  1783 | D        | Reached skill level 10 in Spellcasting
  1785 | D        | Killed a wandering mushroom
  1865 | D        | Noticed a spiny frog
  1865 | D        | Noticed a komodo dragon
  1865 | D        | Noticed a spiny frog
  1868 | D        | Killed a spiny frog
  1869 | D        | Killed a spiny frog
  1922 | D        | Killed a komodo dragon
  2116 | D        | Noticed a redback
  2118 | D        | Killed a redback
  2119 | D        | Noticed a brain worm
  2129 | D        | Killed a brain worm
  2132 | D        | Noticed a brain worm
  2134 | D        | Killed a brain worm
  2137 | D        | Noticed a lindwurm
  2139 | D        | Noticed a redback
  2140 | D        | Killed a lindwurm
  2140 | D        | Offered knowledge of Force Lance by Vehumet.
  2142 | D        | Killed a redback
  2146 | D        | Noticed a redback
  2147 | D        | Killed a redback
  2148 | D        | Noticed Maud
  2151 | D        | Killed Maud
  2175 | D        | Noticed a swamp drake
  2175 | D        | Noticed a fire drake
  2177 | D        | Killed a fire drake
  2178 | D        | Killed a swamp drake
  2253 | D        | Noticed Wiglaf
  2253 | D        | Noticed Frances
  2285 | D        | Killed Wiglaf
  2432 | D        | Killed Frances
  2432 | D        | Offered knowledge of Conjure Ball Lightning by Vehumet.
  2432 | D        | Reached XP level 12. HP: 66/66 MP: 16/32
  2473 | D        | Noticed an orc high priest
  2473 | D        | Noticed an orc high priest
  2495 | D        | Killed an orc high priest
  2504 | D        | Killed an orc priest
  2510 | D        | Killed an orc high priest
  2519 | D        | Killed an orc high priest
  2618 | D        | Noticed a skeletal warrior
  2646 | D        | Found Smuckud's Food Emporium.
  2646 | D        | Found Ytontait's Magic Scroll Shop.
  2646 | D        | Found Ihamoba's Book Shoppe.
  2646 | D        | Found Checzeen's Jewellery Boutique.
  2646 | D        | Found Ojaqul's Antique Weapon Emporium.
  2646 | D        | Found Graz Waoca's General Store.
  2646 | D        | Found Foawke's Magic Scroll Emporium.
  2646 | D        | Found Paluj's Gadget Boutique.
  2647 | D        | Found Zurhor Amefa's Distillery.
  2647 | D        | Found Maduninto's Antique Armour Shoppe.
  2647 | D        | Found Bexupt's Gadget Shop.
  2647 | D        | Found Lyifad's Antique Weapon Emporium.
  2678 | D        | Bought a book of Clouds for 495 gold pieces
  2686 | D        | Learned a level 6 spell: Freezing Cloud
  2701 | D        | Bought a scroll of blinking for 82 gold pieces
  2701 | D        | Bought a scroll of blinking for 82 gold pieces
  2704 | D        | Bought a potion of confusion for 12 gold pieces
  2712 | D        | Bought 2 potions of heal wounds for 72 gold pieces
  2713 | D        | Bought a potion of magic for 66 gold pieces
  2732 | D        | Bought a scroll of amnesia for 38 gold pieces
  2815 | D        | Noticed a deep elf demonologist
  2875 | D        | Killed a deep elf annihilator
  2875 | D        | Reached skill level 15 in Conjurations
  2879 | D        | Killed a deep elf demonologist
  2884 | D        | Noticed a deep elf death mage
  2884 | D        | Noticed a deep elf annihilator
  2886 | D        | Noticed a deep elf demonologist
  2911 | D        | Noticed a deep elf death mage
  2917 | D        | Noticed a Brimstone Fiend
  2919 | D        | Killed a deep elf annihilator
  3016 | D        | Noticed a deep elf blademaster
  3043 | D        | Killed a deep elf demonologist
  3046 | D        | Killed a deep elf death mage
  3046 | D        | Reached skill level 15 in Ice Magic
  3105 | D        | Gained mutation: You possess an exceptional clarity of mind. [potion of mutation]
  3105 | D        | Gained mutation: You have a fast metabolism. [potion of mutation]
  3105 | D        | Gained mutation: You are partially covered in iridescent scales (AC +4). [potion of mutation]
  3369 | D        | Bought a book of Power for 495 gold pieces
  3378 | D        | Learned a level 7 spell: Orb of Destruction
  3385 | D        | Noticed an orange crystal statue
  3393 | D        | Killed an orange crystal statue
  3470 | D        | Killed an electric eel
  3497 | D        | Killed a deep elf death mage
  3564 | D        | Killed a deep elf blademaster
  3723 | D        | Killed a water elemental
  3771 | D        | Got a heavily runed jade amulet
  3772 | D        | Identified the amulet of Qaof {Ward rElec rPois rN+} (You took it off a deep elf death mage in the Dungeon)
  3803 | D        | Identified the Catalogue of the Entourage and Clay (You found it in the Dungeon)
  3812 | D        | Identified the Compendium of Necromancy
  3906 | D        | Noticed a blink frog
  3906 | D        | Noticed a blink frog
  3906 | D        | Noticed a blink frog
  3907 | D        | Killed a blink frog
  3908 | D        | Noticed a blink frog
  3909 | D        | Killed a blink frog
  3910 | D        | Killed a blink frog
  3911 | D        | Killed a blink frog
  3930 | D        | Noticed a blink frog
  3935 | D        | Killed a blink frog
  3940 | D        | Noticed an elephant
  3941 | D        | Noticed an elephant
  3944 | D        | Noticed a dire elephant
  3944 | D        | Killed an elephant
  3944 | D        | Offered knowledge of Ozocubu's Refrigeration by Vehumet.
  3944 | D        | Reached XP level 13. HP: 71/71 MP: 15/34
  3944 | D        | Killed an elephant
  3945 | D        | Noticed a dire elephant
  4054 | D        | Noticed Gastronok
  4071 | D        | Killed Gastronok
  4086 | D        | Killed a dire elephant
  4161 | D        | Killed a dire elephant
  4353 | D        | Noticed Rupert
  4365 | D        | Killed Rupert
  4453 | D        | Noticed a death yak
  4453 | D        | Noticed a death yak
  4455 | D        | Noticed a death yak
  4455 | D        | Killed a blink frog
  4458 | D        | Killed a death yak
  4458 | D        | Offered knowledge of Delayed Fireball by Vehumet.
  4458 | D        | Killed a death yak
  4466 | D        | Noticed a blink frog
  4467 | D        | Noticed a death yak
  4467 | D        | Killed a death yak
  4469 | D        | Killed a blink frog
  4471 | D        | Killed a death yak
  4498 | D        | Noticed a blink frog
  4499 | D        | Killed a blink frog
  4546 | D        | Noticed an azure jelly
  4546 | D        | Noticed an azure jelly
  4546 | D        | Noticed a black mamba
  4546 | D        | Noticed an azure jelly
  4548 | D        | Noticed a black mamba
  4548 | D        | Killed a black mamba
  4551 | D        | Killed a black mamba
  4551 | D        | Reached skill level 15 in Spellcasting
  4566 | D        | Noticed an azure jelly
  4599 | D        | Noticed a snapping turtle
  4603 | D        | Killed a snapping turtle
  4605 | D        | Noticed a kraken
  4617 | D        | Killed a kraken
  4617 | D        | Offered knowledge of Poison Arrow by Vehumet.
  4633 | D        | Noticed a snapping turtle
  4634 | D        | Noticed a snapping turtle
  4738 | D        | Killed a snapping turtle
  4848 | D        | Killed a snapping turtle
  4849 | D        | Found Styusef's Book Shoppe.
  4849 | D        | Noticed a snapping turtle
  4849 | D        | Noticed an alligator snapping turtle
  4976 | D        | Noticed a snapping turtle
  4980 | D        | Killed an alligator snapping turtle
  5096 | D        | Killed a snapping turtle
  5098 | D        | Killed a snapping turtle
  5196 | D        | Found Mnuenlur's Food Boutique.
  5197 | D        | Found Breuch's Antique Weapon Shop.
  5205 | D        | Got a barnacled rune of Zot
  5279 | D        | Noticed a seven-headed hydra
  5279 | D        | Noticed a five-headed hydra
  5282 | D        | Killed a seven-headed hydra
  5282 | D        | Killed a five-headed hydra
  5328 | D        | Noticed a death drake
  5333 | D        | Killed a death drake
  5333 | D        | Offered knowledge of Shatter by Vehumet.
  5333 | D        | Offered knowledge of Chain Lightning by Vehumet.
  5333 | D        | Offered knowledge of Tornado by Vehumet.
  5344 | D        | Noticed an anaconda
  5344 | D        | Noticed a water moccasin
  5344 | D        | Noticed a water moccasin
  5344 | D        | Noticed a black mamba
  5344 | D        | Noticed a black mamba
  5344 | D        | Noticed a black mamba
  5346 | D        | Killed a black mamba
  5346 | D        | Killed a black mamba
  5346 | D        | Killed a water moccasin
  5348 | D        | Killed an anaconda
  5349 | D        | Killed a water moccasin
  5350 | D        | Noticed a water moccasin
  5350 | D        | Killed a water moccasin
  5352 | D        | Killed a black mamba
  5352 | D        | Reached XP level 14. HP: 57/76 MP: 14/36
  5421 | D        | Noticed an anaconda
  5421 | D        | Noticed an anaconda
  5421 | D        | Noticed a black mamba
  5424 | D        | Killed a black mamba
  5425 | D        | Killed an anaconda
  5447 | D        | Noticed a black mamba
  5452 | D        | Killed a black mamba
  5456 | D        | Noticed a water moccasin
  5466 | D        | Killed a water moccasin
  5530 | D        | Killed an anaconda
  5639 | D        | Noticed a black mamba
  5639 | D        | Noticed an anaconda
  5641 | D        | Killed an anaconda
  5646 | D        | Killed a black mamba
  5657 | D        | Noticed a water moccasin
  5660 | D        | Killed a water moccasin
  5686 | D        | Noticed a naga warrior
  5686 | D        | Noticed a naga
  5686 | D        | Noticed a naga
  5691 | D        | Killed a naga
  5696 | D        | Killed a naga
  5703 | D        | Killed a naga warrior
  5720 | D        | Noticed a greater naga
  5749 | D        | Killed a greater naga
  5848 | D        | Found Quikivvukhla's Antique Armour Shop.
  5849 | D        | Found Nuvvuhin's Book Shoppe.
  5851 | D        | Found Sucvic's Distillery.
  5871 | D        | Noticed a guardian serpent
  5874 | D        | Killed a guardian serpent
  5883 | D        | Got a serpentine rune of Zot
  5942 | D        | Found a blossoming altar of Fedhas.
  5942 | D        | Noticed a spriggan
  5942 | D        | Noticed a spriggan druid
  5942 | D        | Noticed a spriggan
  5944 | D        | Killed a spriggan
  5945 | D        | Killed a spriggan
  5946 | D        | Killed a spriggan druid
  6032 | D        | Noticed a yaktaur captain
  6032 | D        | Noticed a yaktaur
  6045 | D        | Killed a yaktaur captain
  6051 | D        | Gained mutation: Your body is slowly deteriorating. [mutagenic meat]
  6052 | D        | Gained mutation: Your body is deteriorating. [mutagenic meat]
  6052 | D        | Killed a yaktaur
  6053 | D        | Lost mutation: You have a fast metabolism. [potion of cure mutation]
  6053 | D        | Lost mutation: Your body is deteriorating. [potion of cure mutation]
  6053 | D        | Lost mutation: Your body is slowly deteriorating. [potion of cure mutation]
  6071 | D        | Noticed a yaktaur captain
  6071 | D        | Noticed a yaktaur captain
  6112 | D        | Killed a yaktaur captain
  6120 | D        | Killed a yaktaur captain
  6278 | D        | Noticed Azrael
  6282 | D        | Killed Azrael
  6420 | D        | Noticed a spriggan defender
  6426 | D        | Noticed a spriggan defender
  6426 | D        | Noticed a spriggan defender
  6428 | D        | Killed a spriggan defender
  6428 | D        | Killed a spriggan defender
  6428 | D        | Killed a spriggan defender
  6441 | D        | Noticed a spriggan defender
  6443 | D        | Killed a spriggan defender
  6477 | D        | Noticed a centaur warrior
  6481 | D        | Killed a centaur warrior
  6499 | D        | Noticed a fire dragon
  6502 | D        | Killed a fire dragon
  6509 | D        | Noticed a centaur warrior
  6509 | D        | Noticed a lindwurm
  6509 | D        | Noticed a mermaid
  6511 | D        | Killed a mermaid
  6512 | D        | Killed a lindwurm
  6512 | D        | Reached skill level 21 in Ice Magic
  6512 | D        | Killed a centaur warrior
  6514 | D        | Noticed a green very ugly thing
  6566 | D        | Killed a green very ugly thing
  6603 | D        | Noticed a deep troll
  6604 | D        | a deep troll changed into a torpor snail
  6612 | D        | Noticed a wolf spider
  6612 | D        | Noticed a red very ugly thing
  6673 | D        | Noticed a brown very ugly thing
  6674 | D        | Killed a red very ugly thing
  6678 | D        | Killed a brown very ugly thing
  6748 | D        | Noticed a yaktaur captain
  6782 | D        | Killed a yaktaur captain
  6855 | D        | Noticed Chuck
  6859 | D        | Killed Chuck
  7154 | D        | Bought a book of Annihilations for 1324 gold pieces
  7168 | D        | Learned a level 9 spell: Glaciate
  7295 | D        | Noticed a crystal guardian
  7295 | D        | Noticed a crystal guardian
  7295 | D        | Noticed a crystal guardian
  7295 | D        | Noticed a crystal guardian
  7296 | D        | Killed a crystal guardian
  7299 | D        | Killed a crystal guardian
  7299 | D        | Reached skill level 1 in Evocations
  7316 | D        | Killed a crystal guardian
  7323 | D        | Killed a crystal guardian
  7522 | D        | Noticed a fire elementalist statue
  7522 | D        | Noticed a water elementalist statue
  7522 | D        | Noticed an earth elementalist statue
  7522 | D        | Noticed an air elementalist statue
  7524 | D        | Killed a water elementalist statue
  7525 | D        | Killed a fire elementalist statue
  7527 | D        | Killed an air elementalist statue
  7528 | D        | Killed an earth elementalist statue
  7542 | D        | Killed a yaktaur
  7576 | D        | Noticed a runed scimitar
  7576 | D        | Noticed a glowing war axe
  7576 | D        | Noticed a glowing long sword
  7577 | D        | Killed a glowing war axe
  7577 | D        | Reached skill level 22 in Conjurations
  7577 | D        | Killed a glowing long sword
  7578 | D        | Noticed a glowing mace
  7578 | D        | Killed a glowing mace
  7578 | D        | Reached XP level 15. HP: 81/81 MP: 18/37
  7578 | D        | Killed a runed scimitar
  7687 | D        | Noticed a bone dragon
  7701 | D        | Killed a bone dragon
  7723 | D        | Noticed a bone dragon
  7739 | D        | Killed a bone dragon
  7938 | D        | Noticed a vampire knight
  7940 | D        | Killed a vampire knight
  8061 | D        | Noticed a vampire knight
  8068 | D        | Killed a vampire knight
  8068 | D        | Reached skill level 23 in Conjurations
  8178 | D        | Noticed a necromancer
  8186 | D        | Killed a necromancer
  8198 | D        | Noticed a necromancer
  8200 | D        | Killed a necromancer
  8207 | D        | Noticed a skeletal warrior
  8209 | D        | Killed a skeletal warrior
  8296 | D        | Noticed a guardian mummy
  8298 | D        | Killed a guardian mummy
  8318 | D        | Noticed a guardian mummy
  8319 | D        | Killed a guardian mummy
  8452 | D        | Noticed a necromancer
  8454 | D        | Killed a necromancer
  8466 | D        | Noticed a skeletal warrior
  8470 | D        | Killed a skeletal warrior
  8493 | D        | Noticed a mummy priest
  8493 | D        | Noticed a guardian mummy
  8493 | D        | Noticed a guardian mummy
  8493 | D        | Noticed a sphinx
  8493 | D        | Noticed a sphinx
  8494 | D        | Killed a guardian mummy
  8494 | D        | Killed a guardian mummy
  8496 | D        | Killed a mummy priest
  8496 | D        | Killed a sphinx
  8496 | D        | Killed a sphinx
  8566 | D        | Noticed a white very ugly thing
  8567 | D        | Noticed Frederick
  8574 | D        | Killed a white very ugly thing
  8576 | D        | Killed Frederick
  8576 | D        | Reached skill level 24 in Conjurations
  8576 | D        | Reached skill level 5 in Evocations
  8711 | D        | Noticed a purple very ugly thing
  8713 | D        | Noticed a lich
  8715 | D        | Killed a purple very ugly thing
  8715 | D        | Killed a lich
  8821 | D        | Noticed a slime creature
  8821 | D        | Noticed a lindwurm
  8830 | D        | a lindwurm changed into a deep troll
  8831 | D        | Killed a slime creature
  8831 | D        | Noticed a shadow dragon
  8831 | D        | Noticed a shadow dragon
  8832 | D        | Noticed an ogre mage
  8833 | D        | Killed an ogre mage
  8834 | D        | Killed a shadow dragon
  8837 | D        | Killed a shadow dragon
  8960 | D        | Noticed a silver statue
  8965 | D        | Killed a silver statue
  9045 | D        | Noticed a stone giant
  9045 | D        | Noticed a vault guard
  9045 | D        | Noticed a vault guard
  9045 | D        | Noticed a slime creature
  9045 | D        | Noticed a frost giant
  9045 | D        | Noticed a vault guard
  9045 | D        | Noticed a vault guard
  9045 | D        | Noticed a stone giant
  9045 | D        | Noticed a vault guard
  9045 | D        | Noticed a vault guard
  9045 | D        | Noticed a fire giant
  9045 | D        | Noticed a vault guard
  9045 | D        | Noticed a vault guard
  9045 | D        | Noticed a stone giant
  9045 | D        | Noticed a vault guard
  9045 | D        | Noticed a vault guard
  9045 | D        | Noticed a vault guard
  9162 | D        | Noticed a black mamba simulacrum
  9162 | D        | Noticed a five-headed hydra simulacrum
  9162 | D        | Noticed a polar bear simulacrum
  9162 | D        | Noticed a wolf simulacrum
  9162 | D        | Killed a five-headed hydra simulacrum
  9162 | D        | Killed a wolf simulacrum
  9162 | D        | Killed a black mamba simulacrum
  9162 | D        | Killed a polar bear simulacrum
  9359 | D        | Noticed a vault guard
  9364 | D        | Noticed a skeletal warrior
  9364 | D        | Noticed a skeletal warrior
  9364 | D        | Noticed a vault guard
  9364 | D        | Killed a vault guard
  9364 | D        | Killed a vault guard
  9364 | D        | Killed a vault guard
  9364 | D        | Killed a vault guard
  9364 | D        | Killed a slime creature
  9364 | D        | Killed a vault guard
  9364 | D        | Reached skill level 25 in Ice Magic
  9364 | D        | Reached XP level 16. HP: 74/86 MP: 38/38
  9366 | D        | Noticed a shadow dragon
  9368 | D        | Noticed a slime creature
  9368 | D        | Noticed a vault guard
  9368 | D        | Killed a stone giant
  9369 | D        | Noticed a stone giant
  9369 | D        | Killed a vault guard
  9369 | D        | Killed a vault guard
  9369 | D        | Killed a fire giant
  9370 | D        | Killed a vault guard
  9370 | D        | Killed a vault guard
  9370 | D        | Reached skill level 10 in Evocations
  9370 | D        | Killed a stone giant
  9370 | D        | Killed a vault guard
  9370 | D        | Killed a skeletal warrior
  9371 | D        | Noticed a slime creature
  9371 | D        | Killed a frost giant
  9371 | D        | Killed a shadow dragon
  9371 | D        | Killed a stone giant
  9371 | D        | Killed a slime creature
  9373 | D        | Noticed a shadow dragon
  9376 | D        | Killed a slime creature
  9377 | D        | Noticed a vault guard
  9378 | D        | Killed a vault guard
  9379 | D        | Killed a vault guard
  9382 | D        | Noticed a vault guard
  9382 | D        | Killed a shadow dragon
  9382 | D        | Killed a vault guard
  9387 | D        | Killed a stone giant
  9387 | D        | Reached skill level 26 in Conjurations
  9388 | D        | Killed a skeletal warrior
  9389 | D        | Killed a vault guard
  9397 | D        | Killed a vault guard
  9599 | D        | Killed a vault guard
  9603 | D        | Got a jewelled trident {freeze}
  9604 | D        | Identified the cursed +0 trident of the Evil Eye {freeze, rN+ Str-1 Dex+2} (You took it off a vault guard in the Dungeon)
  9607 | D        | Got a silver rune of Zot
  9612 | D        | Got a dazzling glaive
  9680 | D        | Identified the +8 glaive of Kych {speed, *Rage rC+ rN+ Int-5} (You found it in the Dungeon)
  9811 | D        | Noticed a stone giant skeleton
  9811 | D        | Noticed an iron troll simulacrum
  9811 | D        | Noticed Boris
  9811 | D        | Noticed an anaconda zombie
  9811 | D        | Noticed an anaconda simulacrum
  9812 | D        | Killed an anaconda simulacrum
  9813 | D        | Noticed an anaconda zombie
  9813 | D        | Killed an anaconda zombie
  9813 | D        | Reached skill level 1 in Fighting
  9813 | D        | Killed a stone giant skeleton
  9813 | D        | Killed an iron troll simulacrum
  9814 | D        | Killed Boris
  9815 | D        | Noticed Mennas
  9818 | D        | Killed Mennas
  9915 | D        | Killed an anaconda zombie
  9925 | D        | Noticed a spectral iron dragon
  9939 | D        | Killed a spectral iron dragon
  9943 | D        | Noticed a pristine statue
  9943 | D        | Noticed a pristine statue
  9946 | D        | Killed a pristine statue
 10051 | D        | Killed a pristine statue
 10097 | D        | Noticed a pristine statue
 10097 | D        | Noticed a pristine statue
 10103 | D        | Killed a pristine statue
 10103 | D        | Reached skill level 5 in Fighting
 10251 | D        | Killed a pristine statue
 10501 | D        | Noticed Roxanne
 10507 | D        | Killed Roxanne
 10511 | D        | Identified Roxanne's Disquisition on the Mountains and Transmigration (You took it off Roxanne in the Dungeon)
 10594 | D        | Found Nofozej's Armour Boutique.
 10594 | D        | Noticed an iron troll simulacrum
 10608 | D        | Killed an iron troll simulacrum
 10711 | D        | Found Yzxioshri's Armour Shop.
 10711 | D        | Found Wirugav's Armour Shoppe.
 10711 | D        | Found Mnousoud's Armour Emporium.
 10711 | D        | Noticed an oklob plant
 10711 | D        | Noticed an oklob plant
 10718 | D        | Killed an oklob plant
 10720 | D        | Killed an oklob plant
 10721 | D        | Found Seaqaeco's Distillery.
 10834 | D        | Noticed a shadow wraith
 10834 | D        | Noticed a skeletal warrior
 10834 | D        | Noticed a curse skull
 10835 | D        | Killed a shadow wraith
 10835 | D        | Killed a skeletal warrior
 10837 | D        | Killed a curse skull
 10837 | D        | Reached skill level 27 in Ice Magic
 10841 | D        | Noticed a skeletal warrior
 10841 | D        | Killed a skeletal warrior
 10841 | D        | Reached skill level 27 in Conjurations
 10864 | D        | Noticed a titan zombie
 10876 | D        | Killed a titan zombie
 11006 | D        | Noticed an ice devil
 11006 | D        | Noticed a hell beast
 11006 | D        | Noticed a sun demon
 11006 | D        | Noticed a sun demon
 11006 | D        | Noticed a hell beast
 11006 | D        | Noticed a soul eater
 11008 | D        | Noticed a soul eater
 11008 | D        | Noticed an ice devil
 11008 | D        | Killed a sun demon
 11008 | D        | Reached XP level 17. HP: 107/107 MP: 31/40
 11008 | D        | Killed a sun demon
 11008 | D        | Killed a hell beast
 11008 | D        | Killed a hell beast
 11009 | D        | Killed an ice devil
 11009 | D        | Killed a soul eater
 11009 | D        | Killed an ice devil
 11025 | D        | Killed a soul eater
 11025 | D        | Reached skill level 15 in Evocations
 11049 | D        | Noticed a vault guard
 11049 | D        | Noticed a pale draconian knight
 11050 | D        | Killed a vault guard
 11050 | D        | Reached skill level 1 in Charms
 11051 | D        | Noticed a black draconian knight
 11051 | D        | Noticed a deep elf knight
 11054 | D        | Noticed a black draconian knight
 11054 | D        | Killed a pale draconian knight
 11054 | D        | Killed a black draconian knight
 11067 | D        | Killed a deep elf knight
 11067 | D        | Killed a black draconian knight
 11067 | D        | Reached skill level 5 in Charms
 11196 | D        | Noticed an Executioner
 11198 | D        | Killed an Executioner
 11198 | D        | Reached skill level 10 in Fighting
 11210 | D        | Noticed a yaktaur
 11210 | D        | Noticed Nessos
 11213 | D        | Killed Nessos
 11213 | D        | Killed a yaktaur
 11245 | D        | Noticed Mara
 11246 | D        | Noticed a vampire knight
 11246 | D        | Noticed a vampire knight
 11247 | D        | Noticed a molten gargoyle
 11248 | D        | Killed a molten gargoyle
 11249 | D        | Killed Mara
 11249 | D        | Killed a vampire knight
 11253 | D        | Killed a vampire knight
 11283 | D        | Noticed an ancient champion
 11285 | D        | Killed an ancient champion
 11289 | D        | Got a warped hand axe
 11290 | D        | Identified the +9 hand axe "Vapluby" {antimagic, rC+} (You found it in the Dungeon)
 11416 | D        | Noticed a slime creature
 11416 | D        | Noticed a slime creature
 11416 | D        | Noticed a large slime creature
 11416 | D        | Noticed a slime creature
 11418 | D        | Killed a slime creature
 11418 | D        | Killed a slime creature
 11418 | D        | Killed a slime creature
 11418 | D        | Killed a large slime creature
 11424 | D        | Noticed an electric eel
 11424 | D        | Noticed a storm dragon
 11427 | D        | Noticed Nikola
 11427 | D        | Killed an electric eel
 11428 | D        | Killed a storm dragon
 11428 | D        | Reached skill level 10 in Charms
 11500 | D        | Killed Nikola
 11520 | D        | Noticed a ball lightning
 11521 | D        | Noticed a ball lightning
 11523 | D        | Killed a ball lightning
 11523 | D        | Killed a ball lightning
 11523 | D        | Killed a ball lightning
 11523 | D        | Killed a ball lightning
 11546 | D        | Noticed a red wasp
 11547 | D        | Killed a red wasp
 11561 | D        | Noticed a yellow wasp
 11561 | D        | Killed a yellow wasp
 11586 | D        | Noticed a yellow wasp
 11586 | D        | Killed a yellow wasp
 11760 | D        | Noticed Nellie
 11763 | D        | Killed Nellie
 11873 | D        | Got a demonic rune of Zot
 12006 | D        | Bought a book of Wizardry for 330 gold pieces
 12014 | D        | Learned a level 6 spell: Haste
 12105 | D        | Noticed a stone giant
 12107 | D        | Noticed a stone giant
 12108 | D        | Noticed Geryon
 12108 | D        | Noticed a yaktaur
 12108 | D        | Noticed a yaktaur
 12109 | D        | Noticed a yaktaur
 12109 | D        | Noticed a yaktaur
 12109 | D        | Killed a yaktaur
 12110 | D        | Noticed a yaktaur captain
 12110 | D        | Noticed a yaktaur
 12110 | D        | Killed a stone giant
 12110 | D        | Killed a stone giant
 12113 | D        | Killed a yaktaur
 12116 | D        | Killed Geryon
 12116 | D        | Killed a yaktaur
 12118 | D        | Killed a yaktaur
 12132 | D        | Noticed a yaktaur
 12132 | D        | Killed a yaktaur captain
 12132 | D        | Killed a yaktaur
 12133 | D        | Noticed a yaktaur
 12141 | D        | Killed a yaktaur
 12143 | D        | Killed a yaktaur
 12335 | D        | Noticed a yaktaur
 12342 | D        | Killed a yaktaur
 12366 | D        | Noticed a war gargoyle
 12366 | D        | Noticed an iron elemental
 12366 | D        | Noticed the iron giant
 12368 | D        | Killed a war gargoyle
 12369 | D        | Noticed an iron golem
 12369 | D        | Noticed a war gargoyle
 12369 | D        | Killed an iron elemental
 12370 | D        | Noticed a war gargoyle
 12370 | D        | Killed a war gargoyle
 12370 | D        | Killed a war gargoyle
 12371 | D        | Noticed a war gargoyle
 12371 | D        | Killed the iron giant
 12371 | D        | Killed a war gargoyle
 12387 | D        | Killed an iron golem
 12640 | D        | Noticed an iron dragon
 12640 | D        | Noticed an iron devil
 12640 | D        | Noticed an iron devil
 12640 | D        | Noticed an iron devil
 12643 | D        | Killed an iron devil
 12643 | D        | Killed an iron devil
 12644 | D        | Killed an iron devil
 12644 | D        | Reached XP level 18. HP: 124/124 MP: 30/44
 12645 | D        | Killed an iron dragon
 12705 | D        | Noticed an iron elemental
 12706 | D        | Noticed a Hell Sentinel
 12709 | D        | Killed an iron elemental
 12711 | D        | Killed a Hell Sentinel
 12911 | D        | Noticed an Ice Fiend
 12911 | D        | Noticed a quasit
 12911 | D        | Noticed a yellow draconian shifter
 12911 | D        | Noticed a quasit
 12912 | D        | Killed a quasit
 12912 | D        | Killed a quasit
 12913 | D        | Noticed a mummy priest
 12913 | D        | Noticed a guardian mummy
 12913 | D        | Killed an Ice Fiend
 12914 | D        | Noticed a guardian mummy
 12914 | D        | Killed a guardian mummy
 12914 | D        | Killed a mummy priest
 12915 | D        | Killed a yellow draconian shifter
 12946 | D        | Killed a guardian mummy
 12946 | D        | HP: 3/127 [indirect mummy death curse (32)]
 12962 | D        | Killed a guardian mummy
 12963 | D        | Killed a Hell Sentinel
 13001 | D        | Killed a guardian mummy
 13545 | D        | Killed an azure jelly
 13545 | D        | Killed an azure jelly
 13545 | D        | Killed an azure jelly
 13545 | D        | Killed an azure jelly
 13774 | D        | Noticed an acid blob
 13775 | D        | Noticed a shining eye
 13775 | D        | Killed a shining eye
 13775 | D        | Killed an acid blob
 13778 | D        | Noticed an azure jelly
 13783 | D        | Noticed the royal jelly
 13783 | D        | Killed an azure jelly
 13785 | D        | Killed the royal jelly
 13785 | D        | Reached skill level 15 in Fighting
 13789 | D        | Noticed a shining eye
 13820 | D        | Gained mutation: You are frail (-10% HP). [a shining eye]
 13821 | D        | Killed a shining eye
 13958 | D        | Got a slimy rune of Zot
 14053 | D        | Bought a plain deck of changes for 140 gold pieces
 14062 | D        | Lost mutation: You are partially covered in iridescent scales (AC +4). [helix card]
 14181 | D        | Noticed a guardian mummy
 14182 | D        | Noticed a mummy priest
 14185 | D        | Killed a guardian mummy
 14185 | D        | Killed a mummy priest
 14205 | D        | Noticed a mummy priest
 14208 | D        | Killed a mummy priest
 14241 | D        | Noticed a guardian mummy
 14241 | D        | Noticed a mummy priest
 14242 | D        | Noticed a guardian mummy
 14242 | D        | Noticed a guardian mummy
 14242 | D        | Noticed a mummy priest
 14242 | D        | Noticed a mummy priest
 14242 | D        | Noticed a guardian mummy
 14242 | D        | Noticed a guardian mummy
 14242 | D        | Noticed a mummy priest
 14242 | D        | Noticed a guardian mummy
 14242 | D        | Noticed a guardian mummy
 14242 | D        | Noticed a guardian mummy
 14243 | D        | Killed a guardian mummy
 14243 | D        | Killed a mummy priest
 14243 | D        | Killed a guardian mummy
 14243 | D        | Killed a guardian mummy
 14243 | D        | Killed a guardian mummy
 14243 | D        | Killed a guardian mummy
 14243 | D        | Killed a guardian mummy
 14243 | D        | Killed a guardian mummy
 14243 | D        | Killed a mummy priest
 14243 | D        | Killed a guardian mummy
 14247 | D        | Noticed a mummy priest
 14249 | D        | Killed a mummy priest
 14249 | D        | Killed a mummy priest
 14250 | D        | Noticed a greater mummy
 14252 | D        | Noticed a greater mummy
 14252 | D        | Noticed a guardian mummy
 14252 | D        | Noticed a mummy priest
 14253 | D        | Killed a mummy priest
 14253 | D        | Killed a guardian mummy
 14253 | D        | Reached skill level 5 in Translocations
 14254 | D        | Killed a mummy priest
 14255 | D        | Killed a greater mummy
 14255 | D        | Reached skill level 5 in Dodging
 14256 | D        | Demolished by a reaper

Action                   |  1- 3 |  4- 6 |  7- 9 | 10-12 | 13-15 | 16-18 || total
-------------------------+-------+-------+-------+-------+-------+-------++-------
Melee: Unarmed           |    22 |    12 |       |       |       |       ||    34
       Dagger            |       |    11 |    46 |    66 |     4 |       ||   127
       Staff             |       |       |       |     2 |     3 |    20 ||    25
       Quick blade       |       |       |       |       |    17 |    16 ||    33
       Trident           |       |       |       |       |       |     3 ||     3
 Cast: Magic Dart        |     3 |       |     3 |     1 |       |       ||     7
       Mephitic Cloud    |     1 |     3 |    22 |    21 |       |       ||    47
       Blink             |       |     1 |       |     2 |     3 |     2 ||     8
       Conjure Flame     |       |       |     2 |     6 |       |       ||     8
       Repel Missiles    |       |       |     1 |       |       |       ||     1
       Static Discharge  |       |       |       |     6 |       |       ||     6
       Airstrike         |       |       |       |     1 |       |       ||     1
       Bolt of Cold      |       |       |       |    19 |    51 |    22 ||    92
       Freezing Cloud    |       |       |       |    14 |    50 |     1 ||    65
       Orb of Destructio |       |       |       |     6 |    37 |    36 ||    79
       Glaciate          |       |       |       |       |    27 |    93 ||   120
       Haste             |       |       |       |       |       |     2 ||     2
 Abil: Evoke Flight      |       |       |       |       |     5 |     1 ||     6
       End Transformatio |       |       |       |       |       |     1 ||     1
Evoke: Wand              |       |       |     1 |       |     1 |     4 ||     6
       Fan of gales      |       |       |     1 |       |       |       ||     1
       Staff of energy   |       |       |       |       |     1 |    47 ||    48
       Deck              |       |       |       |       |       |    15 ||    15
  Use: Potion            |     2 |       |       |     4 |     2 |     2 ||    10
       Scroll            |       |       |       |     9 |     7 |     1 ||    17
 Stab: Confused          |       |     3 |     7 |    15 |       |       ||    25
       Sleeping          |       |     3 |     7 |     9 |    12 |     1 ||    32
  Eat: Chunk             |       |       |     1 |     5 |    13 |     1 ||    20
       Bread ration      |       |       |       |     1 |       |       ||     1
       Fruit             |       |       |       |     6 |     8 |       ||    14
       Royal jelly       |       |       |       |     3 |     1 |    11 ||    15
       Meat ration       |       |       |       |       |     1 |       ||     1
